 Dungeon Crawl Stone Soup version 0.16-a0-327-gbff0e38 (webtiles) character file.

1017 PolkaDot the Summoner (level 8, 0/52 HPs)
             Began as a Vampire Summoner on Sept 5, 2014.
             Slain by a slave (4 damage)
             ... led by Pikel
             ... on Level 5 of the Dungeon.
             The game lasted 00:22:29 (4321 turns).

PolkaDot the Summoner (Vampire Summoner)            Turns: 4321, Time: 00:22:29

HP   0/52        AC  3     Str  7      XL: 8   Next:  1%
MP   3/13        EV 12     Int 19      God:
Gold 235         SH  0     Dex 14      Spells:  3 memorised,  2 levels left

rFire  . . .     SeeInvis +     c - +2 dagger (drain)
rCold  . . .     Clarity  .     a - +0 robe
rNeg   . . .     rCorr    +     (no shield)
rPois  +         rRot     .     k - +0 hat
rElec  .         Spirit   .     v - +0 cloak
SustAb .         Warding  .     (no gloves)
rMut   .         Stasis   .     (no boots)
Gourm  .                        g - amulet of resist corrosion
MR     .....                    r - ring of stealth
                                q - ring of poison resistance

@: regenerating quickly, not resistant to hostile enchantments, fairly stealthy
A: bottle blood, fangs 3, see invisible, unbreathing
a: Bottle Blood


You were on level 5 of the Dungeon.
You were very full.

You visited 1 branch of the dungeon, and saw 5 of its levels.
You also visited: Sewer.

You collected 235 gold pieces.

Inventory:

Hand weapons
 c - a +2 dagger of draining (weapon)
Armour
 a - a +0 robe (worn)
 k - a +0 hat (worn)
 v - a +0 cloak (worn)
Magical devices
 j - a wand of polymorph (7) {unknown}
 l - a wand of disintegration (13) {unknown}
 o - a wand of slowing (13) {unknown}
Scrolls
 d - a scroll of recharging
 e - a scroll of amnesia
 h - 2 scrolls of fear
 i - a scroll of remove curse
 m - a scroll of identify
 n - a scroll of immolation
 p - a scroll of fog
 s - a scroll of enchant weapon
 u - a scroll of blinking
Jewellery
 g - an amulet of resist corrosion (around neck)
 q - a ring of poison resistance (left hand)
 r - a ring of stealth (right hand)
Potions
 t - 9 potions of blood {@*1}
Books
 b - a book of Callings

   Spells                             Type                      Level
   Summon Small Mammal                Summoning                    1
   *Call Imp                          Summoning                    2
   *Call Canine Familiar              Summoning                    3
   Summon Guardian Golem              Hexes/Summoning              4
   Summon Lightning Spire             Summoning/Air                4
   *Summon Ice Beast                  Ice/Summoning                4


   Skills:
 - Level 2.1 Dodging
 - Level 3.0 Stealth
 - Level 2.0 Spellcasting
 + Level 8.8 Summonings
 * Level 4.8 Ice Magic


You had 2 spell levels left.
You knew the following spells:

 Your Spells              Type           Power        Failure   Level  Hunger
d - Call Canine Familiar  Summ           #####...     1%          3    ####...
i - Summon Ice Beast      Ice/Summ       ####....     12%         4    #####..
s - Call Imp              Summ           #####...     1%          2    ##.....


Dungeon Overview and Level Annotations

Branches:
Dungeon (5/15)
 Temple: D:4-7

Altars:

Shops:
D:4 *

Annotations:
D:5 Pikel


Innate Abilities, Weirdness & Mutations

Your natural rate of healing is unusually fast.
You can bottle blood from corpses.
You have razor-sharp teeth.
You have supernaturally acute eyesight.
You can survive without breathing.


Message History

Your ice beast freezes the slave!
The slave dies!
Pikel closely misses you. The slave hits your ice beast!
Your hound barely misses the slave.
Your ice beast closely misses the slave.
Pikel closely misses you. The slave hits your ice beast.
Your ice beast dies!
You closely miss Pikel. You bite Pikel, but do no damage.
Pikel is severely wounded.
The slave hits you.
* * * LOW HITPOINT WARNING * * *
The slave hits you.
* * * LOW HITPOINT WARNING * * *
Your hound closely misses Pikel.
Pikel barely misses you.
You hit Pikel. You drain Pikel!
Pikel is almost dead.
Your hound closely misses Pikel.
The slave hits you!
* * * LOW HITPOINT WARNING * * *
The slave hits you.
You die...

..............##
...............# #
...............###..
....................#
#..................#
#..................#
#####...............#
#<...............p..##
................@ph..#
....#.......>...pK....#
................$[.......
#........................
#####....................
#...................
#..................
##................ #
#.............p


You could see Pikel, 3 slaves and a friendly hound.

Vanquished Creatures
  Eustachio (D:4)
  Sigmund (D:3)
  A giant frog (Sewer)
  A scorpion (D:4)
  An iguana (D:4)
  2 worker ants
  4 adders
  11 giant mites
  A green rat (D:4)
  3 worms (D:3)
  11 giant geckos
  7 oozes (Sewer)
  An orc (D:4)
  12 bats
  16 giant cockroaches
  12 goblins
  6 hobgoblins
  A jackal (D:2)
  9 kobolds
  A quokka (D:3)
  11 ball pythons
  8 giant newts
  A goblin skeleton (D:3)
  8 rats
  A rat skeleton (D:4)
131 creatures vanquished.

Vanquished Creatures (collateral kills)
  The ghost of casual the Changer, an experienced TrTm (Sewer)
  A slave (D:5)
  The ghost of Erbbu the Vexing, an average DEEn (D:4)
  A giant frog (Sewer)
  A scorpion (D:4)
  An iguana (D:5)
  A worker ant (D:4)
  Ijyb (D:3)
  3 adders
  A giant mite (Sewer)
  3 worms (D:3)
  2 giant geckos (Sewer)
  2 ball pythons
  3 bats (D:3)
  3 goblins (D:3)
  2 hobgoblins (D:1)
  A giant cockroach (Sewer)
  3 giant newts (Sewer)
  3 jackals (D:2)
  A rat (D:4)
35 creatures vanquished.

Vanquished Creatures (others)
  A wolf (Sewer)
  2 ice beasts (D:5)
  A quokka (D:3)
  A rat (D:1)
5 creatures vanquished.

Grand Total: 171 creatures vanquished

Notes
Turn   | Place    | Note
--------------------------------------------------------------
     0 | D:1      | PolkaDot, the Vampire Summoner, began the quest for the Orb.
     0 | D:1      | Reached XP level 1. HP: 13/13 MP: 3/3
   229 | D:1      | Reached XP level 2. HP: 17/19 MP: 4/4
   233 | D:1      | Learned a level 2 spell: Call Imp
  1032 | D:2      | Reached skill level 5 in Summonings
  1032 | D:2      | Reached XP level 3. HP: 24/24 MP: 6/6
  1037 | D:2      | Learned a level 3 spell: Call Canine Familiar
  1797 | D:3      | Noticed Ijyb
  1826 | D:3      | Killed Ijyb
  1826 | D:3      | Reached XP level 4. HP: 11/30 MP: 0/7
  1985 | D:3      | Reached skill level 6 in Summonings
  2401 | D:3      | Reached XP level 5. HP: 32/35 MP: 1/9
  2615 | D:3      | Noticed Sigmund
  2634 | D:3      | Killed Sigmund
  2902 | D:4      | Reached skill level 7 in Summonings
  2940 | D:4      | Reached XP level 6. HP: 41/41 MP: 8/10
  2994 | D:4      | Noticed Eustachio
  3005 | D:4      | Killed Eustachio
  3005 | D:4      | Reached skill level 8 in Summonings
  3194 | D:4      | Found a glowing drain.
  3214 | Sewer    | Entered a sewer
  3230 | Sewer    | Learned a level 4 spell: Summon Ice Beast
  3236 | Sewer    | Noticed casual's ghost (experienced TrTm)
  3267 | Sewer    | Killed casual's ghost
  3267 | Sewer    | Reached XP level 7. HP: 11/46 MP: 1/12
  3874 | D:4      | Noticed Erbbu's ghost (average DEEn)
  3882 | D:4      | Found Xatzyat's General Store.
  3883 | D:4      | Killed Erbbu's ghost
  4230 | D:5      | Entered Level 5 of the Dungeon
  4283 | D:5      | Reached XP level 8. HP: 29/52 MP: 9/13
  4291 | D:5      | Noticed Pikel
  4321 | D:5      | Slain by a slave

Action                   |  1- 3 |  4- 6 |  7- 9 || total
-------------------------+-------+-------+-------++-------
Melee: Club              |    51 |       |       ||    51
       Unarmed           |    13 |       |       ||    13
       Dagger            |    98 |   141 |   191 ||   430
 Cast: Summon Small Mamm |     5 |       |       ||     5
       Call Imp          |     8 |     9 |       ||    17
       Call Canine Famil |     2 |     6 |     4 ||    12
       Summon Ice Beast  |       |     1 |     6 ||     7
 Abil: Bottle Blood      |       |       |    17 ||    17
  Use: Potion            |     5 |     3 |     8 ||    16
       Scroll            |       |    10 |     1 ||    11
 Stab: Sleeping          |     6 |     4 |     7 ||    17
       Distracted        |     2 |       |       ||     2
  Eat: Corpse            |    17 |    15 |     2 ||    34
